 Dungeon Crawl Stone Soup version 0.32-a0-39-g5c88369fb2 (webtiles) character file.

Game seed: 8295279400289035875

21719 hemabe1971 the Fighter (level 12, -4/115 HPs)
             Began as a Minotaur Fighter on Feb 2, 2024.
             Was an Elder of Trog.
             Slain by a white ugly thing (14 damage)
             ... on level 13 of the Dungeon.
             The game lasted 00:30:12 (15929 turns).

hemabe1971 the Fighter (Minotaur Fighter)          Turns: 15929, Time: 00:30:12

Health: -4/115     AC: 28    Str: 22    XL:     12   Next: 56%
Magic:  11/11      EV: 10    Int:  5    God:    Trog [****..]
Gold:   498        SH:  5    Dex: 14    Spells: 11/11 levels left

rFire   + . .        v - +2 halberd (protect)
rCold   . . .        (shield currently unavailable)
rNeg    . . .        G - +3 ring mail {rF+}
rPois   .            (helmet restricted)
rElec   .            d - +2 cloak
rCorr   +            j - +1 pair of gloves
SInv    .            (no boots)
Will    .....        y - amulet of reflection
Stlth   +            C - ring of resist corrosion
HPRegen 0.39/turn    W - +4 ring of protection
MPRegen 0.12/turn

%: reflection
@: under a protective aura
A: horns 2, retaliatory headbutt
a: Renounce Religion, Berserk, Trog's Hand, Brothers in Arms


You were on level 13 of the Dungeon.
You worshipped Trog.
Trog was greatly pleased with you.
You visited 2 branches of the dungeon, and saw 16 of its levels.
You also visited: Sewer and Ossuary.

You collected 836 gold pieces.
You spent 338 gold pieces at shops.

Inventory:

Hand Weapons
 v - a +2 halberd of protection (weapon)
 B - a +6 spear of freezing
Missiles
 r - 6 silver javelins
 L - 4 atropa-tipped darts
 Y - 2 throwing nets
Armour
 c - a +0 buckler
 d - a +2 cloak (worn)
 j - a +1 pair of gloves (worn)
 G - a +3 ring mail of fire resistance (worn)
 U - +0 steam dragon scales
 X - +0 acid dragon scales
Jewellery
 k - an amulet of guardian spirit
 m - a ring of ice
 n - a +4 ring of protection
 y - an amulet of reflection (around neck)
 C - a ring of resist corrosion (left hand)
 W - a +4 ring of protection (right hand)
 Z - a ring of ice
Wands
 a - a wand of iceblast (5)
 q - a wand of light (2)
 z - a wand of digging (5)
 K - a wand of flame (10)
 S - a wand of paralysis (11)
Scrolls
 f - a scroll of enchant armour
 p - 4 scrolls of silence {unknown}
 s - 2 scrolls of blinking
 x - 3 scrolls of poison
 A - 4 scrolls of immolation
 E - a scroll of brand weapon {unknown}
 F - a scroll of teleportation
 J - 2 scrolls of vulnerability {unknown}
 N - 3 scrolls of revelation
 O - a scroll of enchant weapon {unknown}
 P - 3 scrolls of fog
 R - a scroll of noise {unknown}
 V - 3 scrolls of identify {unknown}
Potions
 b - a potion of berserk rage {unknown}
 e - 4 potions of curing
 g - 2 potions of cancellation {unknown}
 h - 3 potions of resistance {unknown}
 i - 2 potions of attraction
 l - a potion of mutation {unknown}
 o - 3 potions of haste {unknown}
 t - 3 potions of magic {unknown}
 u - a potion of might
 w - 3 potions of lignification {unknown}
 D - 4 potions of enlightenment {unknown}
 I - 3 potions of heal wounds {unknown}
 M - a potion of degeneration {unknown}
 Q - a potion of brilliance {unknown}
 T - 3 potions of ambrosia {unknown}


   Skills:
 + Level 13.2 Fighting
 + Level 12.9 Polearms
 + Level 13.1 Armour
 + Level 13.1 Shields


You had 11 spell levels left.
You didn't know any spells.
Your spell library contained the following spells:

 Spells                   Type           Power      Damage    Failure   Level
 Mercury Vapours          Alch/Air       0%         N/A       75%         2
 Dazzling Flash           Conj/Hex       0%         N/A       92%         3
 Mephitic Cloud           Conj/Alch/Air  0%         N/A       92%         3
 Volatile Blastmotes      Fire/Tloc      0%         2d10      92%         3
 Freezing Cloud           Conj/Ice/Air   0%         6-21      100%        5
 Starburst                Conj/Fire      0%         6d3       100%        6
 Maxwell's Capacitive Co  Air            0%         ∞         100%        8


Dungeon Overview and Level Annotations

Branches:
Dungeon (15/15)            Temple (1/1) D:4            Lair (0/5) D:9
    Orc (0/2) D:12          Sewer (visited)         Ossuary (visited)
 Vaults: D:13-14     Depths: D:15

Altars:
Ashenzari
Cheibriados
Dithmenos
Elyvilon
Fedhas
Gozag
Hepliaklqana
Kikubaaqudgha
Makhleb
Nemelex Xobeh
Okawaru
Qazlal
Ru
Sif Muna
Trog
Uskayaw
Vehumet
Wu Jian
Xom
Yredelemnul
Zin
The Shining One

Shops:
D:12 [

Portals:
Trove: D:10 (give 5 scrolls of blinking)

Annotations:
D:10 exclusion: orange crystal statue
D:14 1 transporter


Innate Abilities, Weirdness & Mutations

You have a pair of horns on your head.
You reflexively headbutt those who attack you in melee.


Message History

The centaur warrior barely misses you. You furiously retaliate!
You headbutt the centaur warrior!
The centaur warrior kicks you but does no damage.
You slice the centaur warrior!!
Your weapon exudes an aura of protection.
You kill the centaur warrior!
Trog accepts your kill.
The centaur shoots an arrow.
The arrow hits you but does no damage.
The centaur shoots an arrow.
You block the arrow with an invisible shield... and reflect it back!
The arrow hits the centaur!
You kill the centaur!
Trog accepts your kill.
Things that are here:
a +0 shortbow; a centaur corpse You start resting.
A white ugly thing comes into view.
A white ugly thing is nearby!
A white ugly thing is nearby!
A white ugly thing is nearby!
The white ugly thing gurgles horribly!
Items here: )) ††.
The white ugly thing claws you but does no damage.
Items here: )) ††.
You closely miss the white ugly thing. The white ugly thing claws you.
The white ugly thing freezes you!!
* * * LOW HITPOINT WARNING * * *
You completely miss the white ugly thing.
You headbutt the white ugly thing!
The white ugly thing is lightly wounded.
You slice the white ugly thing!!
Your weapon exudes an aura of protection.
The white ugly thing is heavily wounded.
The white ugly thing claws you but does no damage.
You slash the white ugly thing!
The white ugly thing is severely wounded.
The white ugly thing claws you.
* * * LOW HITPOINT WARNING * * *
The white ugly thing freezes you!
You die...

## #. #.#
#####.#####.#.#
#.......).#.#.#
##.##.##u##.#.# #
#. #@##.#.# # #.
#.##.#.# ####
#.##.##.##.#.# ...
..........>#.# #.#
#.##.##.#....#
#.######
#.##.#..######.#
........
#.........†....#
########
####.#.....)......
........
.........#########.


You could see a white ugly thing.

Vanquished Creatures
  Snorg (D:11)
  Fannar (D:10)
  2 centaur warriors (D:13)
  Erica (D:9)
  A two-headed ogre (D:12)
  2 boulder beetles
  Urug (D:12)
  A skeletal warrior (D:14)
  A phantasmal warrior (D:14)
  A deep elf pyromancer (D:13)
  3 ugly things
  3 manticores
  A cyclops (D:14)
  A gargoyle (D:12)
  The ghost of Drangen the Skirmisher, a novice GnHu (D:4)
  2 kobold demonologists (D:12)
  A freezing wraith (D:14)
  A troll (shapeshifter) (D:9)
  2 trolls
  A polar bear (shapeshifter) (D:12)
  A wolf spider simulacrum (D:14)
  A hornet (D:8)
  A shadow (D:9)
  A wyvern (D:9)
  10 yaks
  3 wraiths
  A basilisk (shapeshifter) (D:13)
  A vampire mosquito (D:14)
  A steam dragon (D:8)
  3 acid dragons
  4 water moccasins
  6 orc warriors
  3 ice beasts
  2 black bears (D:9)
  A crocodile (Sewer)
  4 ogres
  A wolf (D:14)
  10 centaurs
  2 phantoms
  4 kobold brigands
  A gnoll sergeant (D:9)
  3 bullfrogs
  11 scorpions
  15 wights
  5 killer bees (D:7)
  A vampire bat (D:3)
  A howler monkey (D:8)
  A bombardier beetle (D:5)
  4 crimson imps (D:4)
  3 hounds
  3 centaur zombies (Ossuary)
  A jelly (D:6)
  2 gnoll boudas
  Crazy Yiuf (D:3)
  9 orc priests
  A sleepcap (D:5)
  5 scorpion zombies (Ossuary)
  10 orc wizards
  3 iguanas
  3 mummies (Ossuary)
  14 gnolls
  An adder (shapeshifter) (D:14)
  6 adders
  A shadow imp (D:4)
  2 white imps
  5 ufetubi
  3 adder zombies (Ossuary)
  4 ribbon worms
  2 dart slugs
  32 orcs
  13 ball pythons
  2 bats (D:1)
  2 bat skeletons (D:3)
  5 bat zombies (D:3)
  6 endoplasms
  12 giant cockroaches
  14 goblins
  9 hobgoblins
  4 jackals (Sewer)
  19 kobolds
  3 quokkas (D:4)
  2 ball python zombies (Ossuary)
  2 frilled lizards (D:2)
  A gnoll zombie (Ossuary)
  2 jackal zombies (Ossuary)
  2 orc zombies (Ossuary)
  A quokka zombie (D:7)
  7 rats
  A rat zombie (D:7)
348 creatures vanquished.

Notes
Turn   | Place    | Note
-------+----------+-------------------------------------------
     0 | D:1      | hemabe1971 the Minotaur Fighter began the quest for the
                  | Orb.
     0 | D:1      | Reached XP level 1. HP: 19/19 MP: 0/0
   105 | D:1      | Found a faded altar of an unknown god.
   149 | D:1      | Reached XP level 2. HP: 21/27 MP: 1/1
   822 | D:2      | Reached XP level 3. HP: 23/33 MP: 2/2
  1325 | D:3      | Reached XP level 4. HP: 37/41 MP: 3/3
  1550 | D:3      | Reached XP level 5. HP: 44/47 MP: 4/4
  1581 | D:3      | Found a runed translucent door.
  1582 | D:3      | Noticed Crazy Yiuf
  2001 | D:3      | Found an ancient bone altar of Kikubaaqudgha.
  2006 | D:3      | Reached skill level 5 in Fighting
  2006 | D:3      | Reached skill level 5 in Shields
  2153 | D:3      | Killed Crazy Yiuf
  2154 | D:3      | Reached skill level 5 in Armour
  2258 | D:4      | Reached XP level 6. HP: 55/56 MP: 3/5
  2282 | D:4      | Found a glowing drain.
  2301 | Sewer    | Entered a sewer
  2686 | D:4      | Found a burning altar of Makhleb.
  2728 | D:4      | Found a transporter.
  2729 | D:4      | Identified the +8 dire flail of Reinforcement {drain,
                  | *Noise rElec rPois Int+2}
  2729 | D:4      | Noticed Drangen's ghost (novice GnHu)
  2741 | D:4      | Found a transporter.
  2768 | D:4      | Found a staircase to the Ecumenical Temple.
  2782 | D:4      | Found a hazy altar of Hepliaklqana.
  2908 | D:4      | Reached skill level 5 in Polearms
  3010 | D:4      | Found a shimmering altar of Xom.
  3029 | D:4      | Reached XP level 7. HP: 60/62 MP: 4/6
  3149 | D:4      | Found a bloodstained altar of Trog.
  3237 | Temple   | Entered the Ecumenical Temple
  3432 | D:5      | Entered Level 5 of the Dungeon
  3708 | D:5      | Reached XP level 8. HP: 52/71 MP: 7/7
  3790 | D:5      | Found an iron altar of Okawaru.
  4130 | D:5      | Found a snail-covered altar of Cheibriados.
  4395 | D:5      | Found a shadowy altar of Dithmenos.
  4654 | D:4      | Became a worshipper of Trog the Wrathful
  4902 | D:4      | Killed Drangen's ghost
  4903 | D:4      | Reached XP level 9. HP: 56/81 MP: 8/8
  4906 | D:4      | HP: 1/81 [ogre/+0 giant spiked club (30)]
  5379 | D:6      | Found a radiant altar of Vehumet.
  5690 | D:6      | Reached * piety under Trog
  6306 | D:7      | Found a sand-covered staircase.
  6315 | Ossuary  | Entered an ossuary
  6575 | Ossuary  | Reached ** piety under Trog
  6647 | Ossuary  | Reached XP level 10. HP: 91/91 MP: 9/9
  6802 | D:7      | Noticed a red ugly thing
  6818 | D:7      | Killed a red ugly thing
  7423 | D:7      | Found a white marble altar of Elyvilon.
  7525 | D:7      | Found a basalt altar of Yredelemnul.
  7795 | D:8      | Found a shimmering blue altar of Sif Muna.
  8243 | D:8      | Found a broken altar of Ashenzari.
  8282 | D:8      | Reached skill level 10 in Fighting
  8282 | D:8      | Reached skill level 10 in Armour
  8282 | D:8      | Reached skill level 10 in Shields
  9182 | D:9      | Reached skill level 10 in Polearms
  9208 | D:9      | Reached *** piety under Trog
  9348 | D:9      | Noticed Erica
  9360 | D:9      | Killed Erica
  9531 | D:9      | Reached XP level 11. HP: 83/101 MP: 10/10
  9876 | D:9      | Found a staircase to the Lair.
 10331 | D:10     | Entered Level 10 of the Dungeon
 10371 | D:10     | Noticed an orange crystal statue
 10390 | D:10     | Noticed Fannar
 10412 | D:10     | Killed Fannar
 10763 | D:10     | Found a sparkling altar of Nemelex Xobeh.
 10910 | D:10     | Found a portal to a secret trove of treasure.
 11093 | D:10     | Found a sacrificial altar of Ru.
 11488 | D:11     | Noticed Snorg
 11881 | D:11     | Killed Snorg
 12010 | D:11     | Noticed a purple ugly thing
 12021 | D:11     | Killed a purple ugly thing
 12355 | D:12     | Found a staircase to the Orcish Mines.
 12357 | D:12     | Found Exkautai's Armour Emporium.
 12541 | D:12     | Bought a +3 ring mail of fire resistance for 338 gold
                  | pieces
 12683 | D:12     | Noticed a two-headed ogre
 12693 | D:12     | Killed a two-headed ogre
 12749 | D:12     | Noticed a brown ugly thing
 12756 | D:12     | Killed a brown ugly thing
 13707 | D:12     | Noticed a boulder beetle
 13728 | D:12     | Killed a boulder beetle
 13729 | D:12     | Reached XP level 12. HP: 113/113 MP: 11/11
 13823 | D:12     | Noticed Urug
 13831 | D:12     | Killed Urug
 14218 | D:13     | Noticed a boulder beetle
 14508 | D:13     | Killed a boulder beetle
 14682 | D:13     | Noticed a centaur warrior
 14687 | D:13     | Killed a centaur warrior
 14730 | D:13     | You fall into a shaft and drop 2 floors!
 14730 | D:15     | Entered Level 15 of the Dungeon
 14981 | D:15     | Noticed a centaur warrior
 15088 | D:14     | Reached **** piety under Trog
 15161 | D:14     | Found a transporter.
 15162 | D:14     | Found an ornate altar of the Wu Jian Council.
 15162 | D:14     | Noticed a vault warden
 15166 | D:14     | Noticed a death knight
 15203 | D:14     | HP: 7/172 [death knight/+1 battleaxe (11)]
 15207 | D:14     | HP: 1/172 [death knight/+1 battleaxe (5)]
 15214 | D:14     | HP: 3/115 [adder (shapeshifter) (1)]
 15889 | D:13     | Noticed a centaur warrior
 15919 | D:13     | Killed a centaur warrior
 15929 | D:13     | Slain by a white ugly thing

Illustrated notes

Levels and vault maps discovered:
D:1:      psy_arrival_fountain, layout_basic, hellmonk_ecumenical_altar_zigzags
D:2:      kennysheep_the_goblin_king, layout_rooms, nicolae_titane
D:3:      layout_rooms, kennysheep_vampire_church, minmay_misc_feat_five,
          grunt_ministairs_6, uniq_crazy_yiuf_cottage
D:4:      layout_loops_cross, trog_book, mainiacjoe_overflow_paths,
          nicolae_hepliaklqana_hazy_memory, led_xom_imps,
          minmay_temple_entry_waves, gammafunk_ghost_smash, gup_sewer_entry_pipe
D:5:      layout_loops_cross, cheibrodos_worm_habitat, amcnicky_altar_gilded,
          hellmonk_okawaru_the_only_friend_you_need, kennysheep_donut
D:6:      layout_gridville, nicolae_vehumet_radiance,
          chequers_serial_rivers_micro_e
D:7:      layout_cave_pods, kennysheep_ying_yang, enter_ossuary_4,
          serial_column_ruins, column_ruins_pillar_2, column_ruins_pillar_1,
          column_ruins_pillar_3, column_ruins_pillar_3, column_ruins_pillar_6,
          column_ruins_pillar_4, column_ruins_pillar_1, column_ruins_pillar_10,
          column_ruins_pillar_2, column_ruins_pillar_2, column_ruins_pillar_6,
          column_ruins_pillar_9, column_ruins_pillar_6, column_ruins_pillar_7,
          column_ruins_pillar_3, column_ruins_pillar_2, column_ruins_pillar_11,
          column_ruins_pillar_10
D:8:      layout_cave_pods, kennysheep_orc_sif_temple, evilmike_ruin_ashenzari
D:9:      layout_basic, david_lair_generic, uniq_erica
D:10:     layout_rooms, mainiacjoe_overflow_six_doors_small, kennysheep_mini,
          enter_trove_0, minivault_15, uniq_fannar
D:11:     layout_irregular_city, serial_column_ruins,
          column_ruins_columns_corner, column_ruins_open_tiny,
          column_ruins_open_tiny, column_ruins_grid_3, column_ruins_grid_3,
          column_ruins_columns_straight, uniq_snorg
D:12:     layout_layer_cave, orc_david_3, uniq_urug
D:13:     layout_basic, hellmonk_vaults_attempted_burglary,
          corexii_hall_statues_x
D:14:     dreamdust_wu_jian_sword_trials, layout_long_grid, serial_ice,
          serial_ice_c, serial_ice_f, serial_ice_d, serial_ice_k, serial_ice_a,
          serial_ice_e, serial_ice_n, serial_ice_h, serial_ice_g, serial_ice_b,
          minmay_misc_feat_plants
D:15:     regret_index_condemned_cage, layout_long_grid,
          ebering_ghost_reflecting_pool
Temple:   nicolae_temple_great_sept

Skill      XL: |  1  2  3  4  5  6  7  8  9 10 11 12 |
---------------+-------------------------------------+-----
Fighting       | 4 5 6 8 9 10 12 13 | 13.2
Armour         | 4 5 6 8 9 10 12 13 | 13.1
Shields        | 4 5 6 8 9 10 12 13 | 13.1
Polearms       | 3 4 5 6 7 9 10 12 | 12.9

Action                     |  1- 3 |  4- 6 |  7- 9 | 10-12 || total
---------------------------+-------+-------+-------+-------++-------
  Melee: Trident           |   110 |   194 |   400 |    28 ||   732
         Headbutt          |    12 |    27 |    91 |   143 ||   273
         Spear             |       |       |       |   644 ||   644
         Halberd           |       |       |       |    84 ||    84
 Invoke: Berserk           |       |       |     1 |     6 ||     7
         Trog's Hand       |       |       |       |     1 ||     1
  Evoke: Wand              |       |       |     1 |    11 ||    12
    Use: Scroll            |       |     7 |     1 |     7 ||    15
         Potion            |       |     1 |     2 |     2 ||     5
   Stab: Distracted        |       |     1 |       |       ||     1
 Armour: Scale mail        |    40 |    96 |   178 |    50 ||   364
         Steam dragon scal |       |       |       |    37 ||    37
         Acid dragon scale |       |       |       |    97 ||    97
         Ring mail         |       |       |       |   150 ||   150
  Dodge: Dodged            |    23 |    52 |    84 |   164 ||   323
  Block: Buckler           |    24 |    40 |   148 |   192 ||   404
         Reflection        |       |       |     4 |    26 ||    30
         Other             |       |       |       |    21 ||    21

Table legend: (Time is in decaauts)
 A = Elapsed time spent in this place.
 B = Non-inter-level travel time spent in this place.
 C = Inter-level travel time spent in this place.
 D = Time resting spent in this place.
 E = Time spent auto-exploring this place.
 F = Levels seen in this place.
 G = Mean time per level.
                   A        B        C        D        E       F      G
               +--------+--------+--------+--------+--------+-----+--------+
         Total |  15763 |  15161 |    602 |   2923 |   9186 |  18 |  875.7 |
       Dungeon |  14921 |  14328 |    593 |   2734 |   8856 |  15 |  994.7 |
        Temple |     61 |     52 |      9 |      0 |      0 |   1 |   61.0 |
         Sewer |    363 |    363 |      0 |    100 |    176 |   1 |  363.0 |
       Ossuary |    415 |    415 |      0 |     89 |    154 |   1 |  415.0 |
               +--------+--------+--------+--------+--------+-----+--------+

Top non-repeatable levels by time:
    D:12: 2018 daAuts
     D:5: 1381 daAuts
     D:8: 1297 daAuts
     D:9: 1294 daAuts
     D:4: 1264 daAuts
     D:7: 1121 daAuts
    D:10: 1053 daAuts
    D:11: 905 daAuts
     D:3: 896 daAuts
    D:14: 874 daAuts
     D:6: 863 daAuts
     D:1: 820 daAuts
     D:2: 519 daAuts
 Ossuary: 415 daAuts
   Sewer: 363 daAuts
